Map: Abyssal Reef LE

Players

Snute - Winner!

  • Race: Zerg Zerg
  • Spawn Location: 11:00

Neeb

  • Race: Protoss Protoss
  • Spawn Location: 5:00

Event: WCS Valencia 2017

VOD

Have the link to the VOD?

Description

Time

  • Played on: July 13, 2017, 1:26 p.m.
  • Length: 7:44

All games in this series

Show
View Real Time Build Order
Export as new Build Order

Snute Zerg - Winner!

Build Orders: Hatch First 

Get SALT Encoding   

  12  0:00  Drone  
  13  0:12  Overlord  
  13  0:17  Drone  
  14  0:30  Drone x2  
  14  0:34  Drone  
  17  0:52  Hatchery  
  17  0:55  Drone  
  17  0:59  Drone  
  17  1:04  Extractor  
  17  1:16  Spawning Pool  
  16  1:19  Drone  
  16  1:21  Drone  
  18  1:28  Drone  
  19  1:38  Overlord  
  19  1:49  Drone  
  20  2:00  Drone  
  21  2:02  Queen  
  21  2:04  Queen  
  21  2:06  Metabolic Boost  
  25  2:09  Drone  
  25  2:13  Zergling x2  
  27  2:17  Zergling x2  
  27  2:22  Zergling x2  
  29  2:26  Drone  
  30  2:36  Zergling x2  
  31  2:39  Drone  
  34  2:47  Hatchery  
  34  2:50  Overlord  
  31  2:53  Queen  
  31  2:57  Drone  
  34  3:05  Drone x2  
  35  3:11  Drone  
  35  3:12  Drone x4  
  40  3:15  Drone  
  40  3:17  Drone  
  40  3:19  Drone  
  43  3:23  Overlord  
  43  3:27  Spore Crawler  
  43  3:28  Drone  
  43  3:33  Spore Crawler  
  42  3:35  Drone  
  43  3:42  Drone x2  
  43  3:44  Drone x3  
  43  3:45  Drone  
  43  3:46  Drone  
  43  3:48  Drone  
  51  3:59  Overlord  
  51  4:00  Drone x3  
  51  4:02  Drone  
  55  4:04  Lair  
  55  4:07  Drone  
  55  4:11  Drone  
  55  4:14  Spore Crawler, Drone  
  55  4:16  Zergling x2  
  57  4:17  Zergling x4  
  57  4:19  Overlord  
  57  4:20  Drone x2  
  57  4:22  Drone  
  62  4:28  Drone  
  62  4:29  Drone  
  64  4:35  Drone  
  64  4:37  Drone  
  64  4:38  Drone x4  
  70  4:40  Extractor  
  70  4:41  Extractor  
  70  4:42  Drone  
  70  4:43  Extractor  
  68  4:46  Drone  
  68  4:48  Queen  
  68  4:49  Overlord  
  71  4:55  Overlord  
  71  5:00  Zergling x4  
  71  5:06  Overlord x2  
  73  5:12  Zergling x6  
  73  5:16  Hydralisk Den  
  72  5:23  Zergling x6  
  76  5:30  Drone x3  
  76  5:34  Drone  
  74  5:35  Drone  
  73  5:43  Hatchery, Overlord  
  73  5:46  Muscular Augments  
  73  5:49  Hatchery  
  69  5:53  Hydralisk x3  
  69  5:56  Hydralisk  
  77  5:59  Hydralisk  
  77  6:02  Hydralisk  
  81  6:06  Hydralisk  
  81  6:10  Hydralisk  
  85  6:16  Hydralisk  
  87  6:21  Hydralisk  
  89  6:25  Overlord x2  
  89  6:26  Overlord  
  89  6:28  Hydralisk x2  
  89  6:32  Hydralisk  
  95  6:34  Zergling x14  
  102  6:41  Zergling x6  
  104  6:52  Overlord  
  104  6:53  Hydralisk x4  
  112  7:06  Hydralisk x3  
  112  7:08  Zergling x22  
  119  7:09  Zergling x2  
  119  7:14  Zergling x2  
  131  7:22  Zergling x8  
Show
View Real Time Build Order
Export as new Build Order

Neeb Protoss 

Build Orders: 1 Gate Expand, Oracle Opening, Zealot Archon 

Get SALT Encoding   

  12  0:01  Probe (Chrono Boost)  
  13  0:11  Probe (Chrono Boost)  
  14  0:18  Pylon  
  14  0:22  Probe (Chrono Boost)  
  15  0:37  Probe (Chrono Boost)  
  15  0:40  Gateway  
  16  0:47  Probe (Chrono Boost)  
  16  0:49  Assimilator  
  17  0:58  Probe (Chrono Boost)  
  18  1:09  Probe (Chrono Boost)  
  19  1:19  Probe (Chrono Boost)  
  19  1:25  Nexus  
  20  1:35  Cybernetics Core  
  20  1:38  Probe (Chrono Boost)  
  21  1:43  Assimilator  
  21  1:49  Probe (Chrono Boost)  
  21  1:53  Pylon  
  22  1:59  Probe (Chrono Boost)  
  23  2:11  Probe, Warp Gate, Adept (Chrono Boost)  
  26  2:23  Probe  
  26  2:25  Pylon  
  27  2:31  Stargate  
  27  2:35  Probe  
  28  2:37  Probe  
  28  2:43  Adept (Chrono Boost)  
  31  2:47  Probe  
  31  2:48  Probe  
  33  2:59  Probe x2 (Chrono Boost)  
  35  3:10  Probe (Chrono Boost)  
  35  3:11  Probe (Chrono Boost)  
  35  3:12  Oracle (Chrono Boost)  
  37  3:15  Gateway  
  37  3:19  Probe  
  40  3:21  Gateway  
  40  3:27  Probe (Chrono Boost)  
  44  3:32  Probe (Chrono Boost)  
  45  3:42  Pylon  
  45  3:44  Mothership Core (Chrono Boost)  
  45  3:45  Probe (Chrono Boost)  
  45  3:47  Pylon  
  46  3:55  Oracle  
  46  4:02  Probe x2 (Chrono Boost)  
  51  4:06  Pylon  
  51  4:12  Probe (Chrono Boost), Nexus  
  51  4:14  Probe (Chrono Boost)  
  53  4:21  Adept x3  
  53  4:23  Probe (Chrono Boost)  
  60  4:27  Probe (Chrono Boost), Pylon  
  61  4:32  Phoenix  
  61  4:33  Probe (Chrono Boost)  
  65  4:39  Probe (Chrono Boost), Assimilator  
  65  4:41  Assimilator  
  65  4:44  Probe (Chrono Boost)  
  66  4:49  Robotics Facility  
  67  4:53  Probe (Chrono Boost)  
  67  4:55  Probe (Chrono Boost)  
  68  5:05  Probe x2 (Chrono Boost)  
  70  5:16  Probe (Chrono Boost)  
  70  5:17  Probe (Chrono Boost)  
  70  5:19  Twilight Council  
  72  5:23  Forge  
  72  5:26  Probe (Chrono Boost), Pylon  
  74  5:29  Probe (Chrono Boost)  
  74  5:33  Probe (Chrono Boost)  
  74  5:35  Probe (Chrono Boost), Warp Prism (Chrono Boost)  
  71  5:39  Probe (Chrono Boost)  
  75  5:44  Sentry x2  
  75  5:46  Probe (Chrono Boost)  
  75  5:47  Probe (Chrono Boost)  
  75  5:49  Charge  
  81  5:51  Probe (Chrono Boost)  
  81  5:54  Gateway  
  81  5:56  Gateway  
  83  5:57  Probe (Chrono Boost)  
  83  5:58  Probe (Chrono Boost)  
  83  5:59  Gateway  
  83  6:00  Gateway  
  83  6:01  Probe (Chrono Boost)  
  83  6:02  Protoss Ground Weapons Level 1 (Chrono Boost)  
  85  6:05  Warp Prism  
  85  6:07  Assimilator x2  
  85  6:09  Probe x2  
  89  6:13  Probe  
  90  6:19  Pylon  
  90  6:20  Pylon  
  90  6:21  Probe x2  
  90  6:25  Probe  
  93  6:28  Templar Archives  
  93  6:31  Gateway  
  93  6:35  Pylon  
  93  6:37  Immortal  
  97  6:54  Photon Cannon  
  97  6:55  Pylon  
  97  7:05  High Templar x3  
  107  7:23  High Templar  
  107  7:24  Zealot x3, Archon  
  107  7:28  Archon  
  97  7:40  Zealot x3  
Tags
 
Add a new tag
Caveats
  • Supply blocks, unpowered buildings, or Contaminate may cause inaccurate times.
  • Supply counts are checked every 10 seconds.